 Dungeon Crawl Stone Soup version 0.31-a0-1074-g0b22e4e0f1 (webtiles) character file.

Game seed: 12453044118908169327

49 wildpjah the Sneak (level 3, -7/16 HPs)
             Began as a Vine Stalker Enchanter on Nov 26, 2023.
             Was a Follower of Dithmenos.
             Mangled by an orc
             ... wielding a +0 heavy hand axe
              (12 damage)
             ... on level 2 of the Dungeon.
             The game lasted 00:01:56 (883 turns).

wildpjah the Sneak (Vine Stalker Enchanter)          Turns: 883, Time: 00:01:56

Health: -7/16      AC:  2    Str: 10    XL:     3   Next: 75%
Magic:  0/7        EV: 12    Int: 15    God:    Dithmenos [*.....]
Gold:   10         SH:  0    Dex: 16    Spells: 6/6 levels left

rFire   . . .        a - +1 dagger
rCold   . . .        (no shield)
rNeg    . . .        b - +0 robe
rPois   .            (no helmet)
rElec   .            (no cloak)
rCorr   .            (no gloves)
SInv    .            (no boots)
Will    .....        (no amulet)
Stlth   ++++         (no ring)
HPRegen 1.02/turn    (no ring)
MPRegen 0.10/turn

%: guardian spirit
@: wreathed by umbra
A: fangs 2, regeneration 1, magic shield, antimagic bite, no potion heal 2
a: Renounce Religion


You were on level 2 of the Dungeon.
You worshipped Dithmenos.
Dithmenos was aware of your devotion.
You visited 1 branch of the dungeon, and saw 2 of its levels.

You collected 10 gold pieces.

Inventory:

Hand Weapons
 a - a +1 dagger (weapon)
Armour
 b - a +0 robe (worn)
Scrolls
 d - 4 scrolls of identify {unknown}
 e - a scroll of enchant weapon {unknown}
Potions
 c - 2 potions of invisibility
 f - a potion of enlightenment {unknown}
 g - a potion of lignification {unknown}


   Skills:
 + Level 0.2 Fighting
 + Level 1.1 Short Blades
 + Level 1.7 Dodging
 * Level 4.9 Stealth
 + Level 2.2 Spellcasting
 + Level 3.4 Hexes


You had 6 spell levels left.
You didn't know any spells.
Your spell library contained the following spells:

 Spells                   Type           Power      Damage    Failure   Level
 Ensorcelled Hibernation  Hex/Ice        12%        N/A       16%         2
 Confusing Touch          Hex            11%        N/A       16%         3
 Tukima's Dance           Hex            11%        N/A       16%         3
 Dazzling Flash           Conj/Hex       12%        N/A       32%         3


Dungeon Overview and Level Annotations

Branches:
Dungeon (2/15)

Altars:
Dithmenos

Annotations:
D:1 2 transporters


Innate Abilities, Weirdness & Mutations

You have extremely sharp teeth.
Your natural rate of healing is unusually fast.
When hurt, damage is shared between your health and your magic reserves.
Your bite disrupts and absorbs the magic of your enemies.
Potions cannot restore your health.


Message History

The orc hits you with a +0 flail.
You hit the orc but do no damage.
The orc is severely wounded.
The orc hits you with a +0 flail!
You hit the orc but do no damage. You bite the orc, but do no damage.
The orc is severely wounded.
The orc misses you.
You hit the orc but do no damage.
The orc is severely wounded.
The orc closely misses you.
You hit the orc but do no damage.
The orc is severely wounded.
The orc misses you.
You hit the orc but do no damage.
The orc is severely wounded.
The orc hits you with a +0 flail!
Ouch! That really hurt!
* * * LOW HITPOINT WARNING * * *
You hit the orc but do no damage. You bite the orc, but do no damage.
The orc is severely wounded.
The orc hits you with a +0 flail.
* * * LOW HITPOINT WARNING * * *
You hit the orc but do no damage.
The orc is severely wounded.
The orc hits you with a +0 flail.
* * * LOW HITPOINT WARNING * * *
You barely miss the orc. You bite the orc, but do no damage.
The orc is severely wounded.
The orc barely misses you.
You hit the orc but do no damage.
The orc is severely wounded.
The orc misses you.
You hit the orc.
You kill the orc!
Dithmenos accepts your kill.
You hit the orc.
The orc is lightly wounded.
The orc hits you with a +0 heavy hand axe!
Ouch! That really hurt!
You die...

## #.# .. #.#
##.###.# ......#
#.....# #. .....#
. #. ..#.# . ..
#.###.#@# ....
...#.....#o##.....
........).........
#.........####...
#####...#....+
#######...#.####
............#
#...###.....#
............#


You could see an orc.

Vanquished Creatures
  A gnoll (D:1)
  A dart slug (D:1)
  2 orcs (D:2)
  A ball python (D:1)
  6 bats
  3 endoplasms (D:1)
  A giant cockroach (D:1)
  4 goblins (D:1)
  A hobgoblin (D:1)
  2 jackals (D:1)
  A quokka (D:1)
  7 kobolds (D:1)
  3 rats
33 creatures vanquished.

Notes
Turn   | Place    | Note
-------+----------+-------------------------------------------
     0 | D:1      | wildpjah the Vine Stalker Enchanter began the quest for the
                  | Orb.
     0 | D:1      | Reached XP level 1. HP: 9/9 MP: 4/4
    83 | D:1      | Reached skill level 4 in Stealth
    99 | D:1      | Reached XP level 2. HP: 13/13 MP: 6/6
   138 | D:1      | Found a faded altar of an unknown god.
   142 | D:1      | Reached skill level 1 in Short Blades
   143 | D:1      | Prayed at the altar of an unknown god.
   143 | D:1      | Became a worshipper of Dithmenos the Shadowed
   143 | D:1      | Reached * piety under Dithmenos
   428 | D:1      | Reached XP level 3. HP: 11/16 MP: 7/7
   883 | D:2      | Mangled by an orc

Illustrated notes

Levels and vault maps discovered:
D:1:      spicycebolla_arrival_transporter_tutorial, layout_basic,
          shapermc_ecumenical_altar_venn
D:2:      layout_basic, basic_altar, serial_shops, shop, serial_park_tiny_pond

Skill      XL: |  1  2 |
---------------+-------+-----
Stealth        | 4 |  4.9
Short Blades   | 1 |  1.1
Fighting       | |  0.2
Dodging        | |  1.7
Spellcasting   | |  2.2
Hexes          | |  3.4

Action                     || total
---------------------------++-------
  Melee: Dagger            ||   117
         Bite              ||    33
         Punch             ||     1
   Stab: Sleeping          ||     5
 Armour: Robe              ||    75
  Dodge: Dodged            ||   105

Table legend: (Time is in decaauts)
 A = Elapsed time spent in this place.
 B = Non-inter-level travel time spent in this place.
 C = Inter-level travel time spent in this place.
 D = Time resting spent in this place.
 E = Time spent auto-exploring this place.
 F = Levels seen in this place.
 G = Mean time per level.
                   A        B        C        D        E       F      G
               +--------+--------+--------+--------+--------+-----+--------+
         Total |    879 |    841 |     38 |      0 |    628 |   2 |  439.5 |
       Dungeon |    879 |    841 |     38 |      0 |    628 |   2 |  439.5 |
               +--------+--------+--------+--------+--------+-----+--------+

Top non-repeatable levels by time:
     D:1: 832 daAuts
     D:2: 47 daAuts
